[Event "African Online-ch Women 2021"]
[Site "Online"]
[Date "2021.02.01"]
[Round "5.15"]
[White "Castro, Neusa Aridas De"]
[Black "Leboela, Maboloko"]
[Result "1/2-1/2"]
[ECO "B30"]
[WhiteElo "1512"]
[BlackElo "1296"]
[Annotator "NA RC"]
[PlyCount "124"]
[EventDate "2021.02.01"]
[EventType "swiss"]
[EventCountry "NET"]
[SourceTitle "playchess.com"]
[Source "ChessBase"]
[SourceQuality "1"]
[TimeControl "1500+10"]

1. e4 c5 2. Nf3 Nc6 3. Bc4 e6 4. Nc3 Nf6 5. d3 Be7 6. O-O O-O 7. Be3 a6 8. a3 b5 9. Ba2 Bb7 10. Ne2 Rc8 11. Rc1 e5 12. Ng3 Ng4 13. Bd2 Bh4 14. Nxh4 Qxh4 15. h3 Nf6 16. Nf5 Qh5 17. Qxh5 Nxh5 18. Nd6 Rb8 19. f4 exf4 20. Bxf4 Nxf4 21. Rxf4 Ne5 22. Rf5 Ng6 23. Nxf7 c4 24. Rcf1 h6 25. Nd6 Rxf5 26. exf5 Ne5 27. dxc4 bxc4 28. Nxc4 Nxc4 29. Bxc4+ d5 30. Bb3 Bc6 31. f6 g5 32. Rf5 Rd8 33. Ba2 Kf7 34. c4 d4 35. c5+ Kf8 36. Bc4 d3 37. Rf1 d2 38. Rd1 Be4 39. Bb3 Bc6 40. Kf2 a5 41. a4 Rd3 42. Bc2 Rd4 43. Ke3 Rf4 44. Rxd2 Rxf6 45. Rf2 Ke7 46. Rxf6 Kxf6 47. Be4 Bxa4 48. Kd4 Ke6 49. Bd5+ Kd7 50. Ke5 Ke7 51. c6 Bc2 52. b3 h5 53. g3 g4 54. hxg4 hxg4 55. Kf4 Bd1 56. Ke5 a4 57. bxa4 Bxa4 58. Kf5 Bd1 59. Bh1 Kd6 60. Kf6 Bf3 61. Kg5 Kxc6 62. Kf4 Bxh1 1/2-1/2

[Event "African Online-ch Women 2021"]
[Site "Online"]
[Date "2021.02.01"]
[Round "6.2"]
[White "Charinda, Kudzanayi"]
[Black "McPherson, Naleli"]
[Result "1-0"]
[ECO "B50"]
[WhiteElo "1710"]
[BlackElo "1303"]
[Annotator "NA RC"]
[PlyCount "152"]
[EventDate "2021.02.01"]
[EventType "swiss"]
[EventCountry "NET"]
[SourceTitle "playchess.com"]
[Source "ChessBase"]
[SourceQuality "1"]
[TimeControl "1500+10"]

1. e4 e5 2. Nf3 d6 3. Nc3 c5 4. Bc4 Be7 5. O-O Nf6 6. Re1 O-O 7. Nd5 Nxd5 8. Bxd5 Nc6 9. c3 Bg4 10. h3 Bh5 11. Bc4 Kh8 12. Be2 Bg6 13. d3 a6 14. Be3 f5 15. exf5 Bxf5 16. d4 cxd4 17. cxd4 e4 18. Nh2 d5 19. a3 Bf6 20. Qd2 Qb6 21. Rad1 Rac8 22. b4 Qd8 23. Ng4 Bxg4 24. Bxg4 Rc7 25. Rc1 Re7 26. a4 Qb6 27. Rc5 Qd8 28. b5 axb5 29. axb5 Na5 30. Rc8 Qxc8 31. Bxc8 Nc4 32. Qa2 Rxc8 33. Rc1 Rec7 34. Qe2 b6 35. Qg4 Rd8 36. Qg3 Ra7 37. Bg5 Bxg5 38. Qxg5 Rdd7 39. Rc3 h6 40. Qf5 Kg8 41. Rg3 Nd2 42. Qe6+ Rf7 43. Qc8+ Kh7 44. Qc1 Nc4 45. Rg4 Ra2 46. Rf4 Rfa7 47. Qc3 R7a3 48. Qb4 Nd2 49. g3 Nf3+ 50. Kg2 Ra1 51. Rxf3 Rxf3 52. Qd2 Ra8 53. Qe2 Raf8 54. g4 Rxf2+ 55. Qxf2 Rxf2+ 56. Kxf2 Kg6 57. h4 h5 58. Kg3 hxg4 59. Kxg4 e3 60. Kf3 Kh5 61. Kxe3 Kxh4 62. Kf4 g5+ 63. Ke5 g4 64. Kxd5 g3 65. Kc6 g2 66. Kxb6 g1=Q 67. Kc5 Qc1+ 68. Kd6 Qc4 69. b6 Qxd4+ 70. Kc7 Qe5+ 71. Kb7 Kg5 72. Kc6 Qb8 73. b7 Kf6 74. Kb6 Ke7 75. Kc6 Ke6 76. Kb6 Kd6 1-0

[Event "African Online-ch Women 2021"]
[Site "Online"]
[Date "2021.02.01"]
[Round "6.5"]
[White "Rodriguez Guevara, Celia M."]
[Black "Shah, Riya"]
[Result "0-1"]
[ECO "C50"]
[WhiteElo "1849"]
[BlackElo "1559"]
[Annotator "NA RC"]
[PlyCount "152"]
[EventDate "2021.02.01"]
[EventType "swiss"]
[EventCountry "NET"]
[SourceTitle "playchess.com"]
[Source "ChessBase"]
[SourceQuality "1"]
[TimeControl "1500+10"]

1. e4 e5 2. Nf3 Nc6 3. Bc4 Nd4 4. O-O Nxf3+ 5. Qxf3 Nf6 6. h3 Be7 7. d3 d6 8. Qg3 Nh5 9. Qf3 Nf6 10. Nc3 Be6 11. Bb3 c6 12. Re1 Qd7 13. Be3 d5 14. exd5 Nxd5 15. Bd2 Bf6 16. Ne4 b6 17. c4 Ne7 18. Nxf6+ gxf6 19. Qxf6 Rg8 20. Kh2 O-O-O 21. Qxe5 Ng6 22. Qg3 Qxd3 23. Qxd3 Rxd3 24. Rad1 Nh4 25. Be3 Rxd1 26. Bxd1 Rxg2+ 27. Kh1 Bxc4 28. Bd4 Bd5 29. f3 Rd2 30. Bf6 Nxf3 31. Re8+ Kd7 32. Re7+ Kc8 33. Bxf3 Bxf3+ 34. Kg1 Bd5 35. a3 Rd3 36. Rxa7 Rxh3 37. Ra8+ Kb7 38. Re8 Rg3+ 39. Kf2 Rg6 40. Re7+ Ka6 41. Be5 Re6 42. Rxe6 Bxe6 43. Kg3 Kb5 44. Kh4 Bf5 45. Kg5 Bg6 46. Kf4 Kc4 47. Bf6 b5 48. Ke3 c5 49. Bg5 b4 50. axb4 cxb4 51. Kd2 Kb3 52. Kc1 Kc4 53. Kd2 b3 54. Bh6 Kd5 55. Bg7 Ke4 56. Kc3 f5 57. Kxb3 f4 58. Kc3 f3 59. Bd4 Bf7 60. b4 Be8 61. Kc4 h5 62. Bf2 Kf4 63. b5 Bxb5+ 64. Kxb5 Kg4 65. Kc4 h4 66. Bxh4 Kxh4 67. Kd3 Kg3 68. Ke3 Kg2 69. Kd2 f2 70. Ke3 f1=Q 71. Kd2 Kf3 72. Kc3 Ke3 73. Kc2 Qd3+ 74. Kb2 Kd4 75. Kc1 Qe2 76. Kb1 Kc3 0-1

[Event "African Online-ch Women 2021"]
[Site "Online"]
[Date "2021.02.01"]
[Round "6.7"]
[White "Joao, Delfina"]
[Black "Miladi, Amen"]
[Result "0-1"]
[ECO "C00"]
[WhiteElo "1727"]
[BlackElo "1802"]
[Annotator "NA RC"]
[PlyCount "88"]
[EventDate "2021.02.01"]
[EventType "swiss"]
[EventCountry "NET"]
[SourceTitle "playchess.com"]
[Source "ChessBase"]
[SourceQuality "1"]
[TimeControl "1500+10"]

1. e4 c5 2. f4 e6 3. Nf3 d5 4. e5 a6 5. c3 Nc6 6. d4 b5 7. Be3 cxd4 8. cxd4 Bb7 9. g3 Nge7 10. Bg2 Nf5 11. Bf2 h5 12. Nc3 Be7 13. Qd2 Na5 14. Qd3 Nc4 15. b3 Na5 16. h4 Rc8 17. O-O Nc6 18. Rac1 Ba3 19. Rb1 Nb4 20. Qd2 Qc7 21. Ne2 Qc2 22. Be1 Qxd2 23. Bxd2 Nc2 24. Bc1 Bb4 25. Rd1 Nce3 26. Bxe3 Nxe3 27. Rdc1 O-O 28. Kf2 Nxg2 29. Kxg2 Ba3 30. Rd1 Rc2 31. Rd2 Rxd2 32. Nxd2 Rc8 33. Kf2 Rc2 34. Ke3 Bb4 35. Rd1 Rxa2 36. Nc1 Rc2 37. Ke2 Bxd2 38. Rxd2 Rxc1 39. Kd3 Rg1 40. Re2 Rxg3+ 41. Re3 Rg4 42. Re2 Rxh4 43. Rc2 Rh3+ 44. Kd2 Rh2+ 0-1

[Event "African Online-ch Women 2021"]
[Site "Online"]
[Date "2021.02.01"]
[Round "6.8"]
[White "Caxita, Esperanca"]
[Black "Maingi, Sasha"]
[Result "1-0"]
[ECO "B13"]
[WhiteElo "1882"]
[BlackElo "1599"]
[Annotator "NA RC"]
[PlyCount "101"]
[EventDate "2021.02.01"]
[EventType "swiss"]
[EventCountry "NET"]
[SourceTitle "playchess.com"]
[Source "ChessBase"]
[SourceQuality "1"]
[TimeControl "1500+10"]

1. e4 c6 2. d4 d5 3. exd5 cxd5 4. Bd3 Nf6 5. Nf3 Bg4 6. c3 e6 7. Qa4+ Nbd7 8. Ne5 Bh5 9. Bg5 a6 10. Na3 b5 11. Qb3 Bd6 12. Nxd7 Qxd7 13. Nxb5 Be7 14. Na3 O-O 15. Qc2 Bg6 16. Bxf6 Bxf6 17. O-O Rfb8 18. Bxg6 hxg6 19. Qd2 Rb6 20. Rab1 Rab8 21. b3 Rc6 22. Rbc1 Rbc8 23. Nb1 Qc7 24. Rfe1 Qa5 25. g3 Qb6 26. Kg2 a5 27. h3 Qa7 28. Red1 Qa6 29. Qd3 Qxd3 30. Rxd3 Bg5 31. f4 Be7 32. Rf1 Bd6 33. a4 Rb8 34. Nd2 Ba3 35. Rb1 Rbc8 36. c4 dxc4 37. Nxc4 Bb4 38. Rbd1 Rd8 39. d5 exd5 40. Rxd5 Rxd5 41. Rxd5 Ra6 42. Ne5 Bc3 43. Rd8+ Kh7 44. Nxf7 g5 45. Nxg5+ Kg6 46. Ne4 Bb4 47. g4 Rc6 48. h4 Rc5 49. Nxc5 Bxc5 50. h5+ Kh6 51. Rh8# 1-0

[Event "African Online-ch Women 2021"]
[Site "Online"]
[Date "2021.02.01"]
[Round "6.9"]
[White "Farnela, Nuzela Zacarias Musi"]
[Black "Madelta Glenda"]
[Result "0-1"]
[ECO "C11"]
[WhiteElo "1431"]
[BlackElo "1420"]
[Annotator "NA RC"]
[PlyCount "174"]
[EventDate "2021.02.01"]
[EventType "swiss"]
[EventCountry "NET"]
[SourceTitle "playchess.com"]
[Source "ChessBase"]
[SourceQuality "1"]
[TimeControl "1500+10"]

1. e4 e6 2. Nc3 d5 3. Nf3 Nf6 4. e5 Nfd7 5. d4 c5 6. Ne2 Be7 7. c3 Nc6 8. Qc2 b6 9. Bd2 Bb7 10. Bf4 Rc8 11. Qd1 cxd4 12. Nexd4 Nxd4 13. cxd4 O-O 14. Bd3 f6 15. exf6 Nxf6 16. O-O Ne4 17. Be5 Bd6 18. Bxd6 Qxd6 19. Rc1 Qf4 20. a3 Kh8 21. Rxc8 Bxc8 22. Qc1 Qd6 23. Re1 Bb7 24. Ng5 Nxg5 25. Qxg5 Qd7 26. Qg4 Qf7 27. Rf1 Bc8 28. Qh4 h6 29. Qg3 Qf4 30. Qg6 Kg8 31. Qh7+ Kf7 32. Bg6+ Kf6 33. Bd3 Qxd4 34. Qg6+ Ke7 35. Qg3 a5 36. Rc1 Bd7 37. Rc2 Rc8 38. Qe3 Qxe3 39. fxe3 Rxc2 40. Bxc2 e5 41. Kf2 Kf6 42. Bb3 Bc6 43. g3 d4 44. Bc4 Kf5 45. exd4 exd4 46. Bd3+ Be4 47. Be2 Ke5 48. Bd1 Kd5 49. Ke2 Kc4 50. Kd2 b5 51. b3+ Kc5 52. Be2 Bd5 53. Kc2 Be4+ 54. Kd2 g5 55. h3 Bg2 56. h4 gxh4 57. gxh4 Be4 58. Bf1 b4 59. a4 Kd5 60. Be2 Ke5 61. Bf1 Kf4 62. Be2 Kg3 63. Bd3 Bxd3 64. Kxd3 Kxh4 65. Kxd4 Kg3 66. Kc5 h5 67. Kb5 h4 68. Kxa5 h3 69. Kxb4 h2 70. Kb5 h1=Q 71. b4 Kf4 72. a5 Ke5 73. Kb6 Kd6 74. b5 Qa8 75. a6 Kd7 76. Ka5 Qd8+ 77. b6 Kc6 78. a7 Qxb6+ 79. Ka4 Qxa7+ 80. Kb4 Qc5+ 81. Kb3 Qd4 82. Kc2 Kc5 83. Kb3 Qc4+ 84. Kb2 Kb4 85. Ka1 Qe2 86. Kb1 Qd2 87. Ka1 Kb3 0-1

[Event "African Online-ch Women 2021"]
[Site "Online"]
[Date "2021.02.01"]
[Round "6.10"]
[White "Ben Said, Safa"]
[Black "Botlhole, Kgalalelo"]
[Result "0-1"]
[ECO "B92"]
[WhiteElo "1577"]
[BlackElo "1705"]
[Annotator "NA RC"]
[PlyCount "60"]
[EventDate "2021.02.01"]
[EventType "swiss"]
[EventCountry "NET"]
[SourceTitle "playchess.com"]
[Source "ChessBase"]
[SourceQuality "1"]
[TimeControl "1500+10"]

1. e4 c5 2. Nf3 d6 3. d4 cxd4 4. Nxd4 Nf6 5. Nc3 a6 6. Be2 e5 7. Nf3 Be6 8. Bg5 Be7 9. Qd2 Nbd7 10. O-O O-O 11. Ne1 Rc8 12. Rd1 b5 13. Nd3 Rxc3 14. Bxf6 Rxd3 15. Qxd3 Nxf6 16. Kh1 Qc7 17. f3 h6 18. b3 Rc8 19. Rc1 d5 20. exd5 Nxd5 21. c4 Nf4 22. Qe4 Nxe2 23. Qxe2 bxc4 24. Rfe1 c3 25. Qxe5 Bd6 26. Qe4 Bxh2 27. Re3 Bg3 28. Rexc3 Qxc3 29. Rxc3 Rxc3 30. Qb1 Re3 0-1

[Event "African Online-ch Women 2021"]
[Site "Online"]
[Date "2021.02.01"]
[Round "6.11"]
[White "Ndirangu, Joyce Nyaruai"]
[Black "Namangale, Susan"]
[Result "1-0"]
[ECO "E61"]
[WhiteElo "1659"]
[BlackElo "1344"]
[Annotator "NA RC"]
[PlyCount "93"]
[EventDate "2021.02.01"]
[EventType "swiss"]
[EventCountry "NET"]
[SourceTitle "playchess.com"]
[Source "ChessBase"]
[SourceQuality "1"]
[TimeControl "1500+10"]

1. d4 g6 2. Nf3 Nf6 3. Bf4 d6 4. e3 Bg7 5. c4 O-O 6. Nc3 c6 7. Be2 Nbd7 8. h3 Re8 9. O-O Nh5 10. Bh2 f5 11. d5 c5 12. Ng5 Nhf6 13. Ne6 Qb6 14. Na4 Qa5 15. a3 b5 16. b4 Qxa4 17. Qxa4 bxa4 18. Rab1 Rb8 19. Bd1 Ne4 20. Nxg7 Nd2 21. Nxe8 Nxb1 22. Nc7 Nd2 23. Re1 Nxc4 24. Bxa4 Ndb6 25. Bc6 Nxa3 26. bxc5 Nd7 27. cxd6 exd6 28. Bxd6 Nc4 29. Bg3 Nde5 30. Bb5 a6 31. Bxc4 Nxc4 32. Nxa6 Rb6 33. Nc7 Bb7 34. Rd1 Nd6 35. f3 g5 36. Bxd6 Rxd6 37. e4 Rd7 38. Ne6 fxe4 39. fxe4 h6 40. Nc5 Rc7 41. d6 Rxc5 42. d7 Bxe4 43. d8=Q+ Kf7 44. Rd7+ Kg6 45. Qe8+ Kf5 46. Rf7+ Kg6 47. Rf8+ 1-0

[Event "African Online-ch Women 2021"]
[Site "Online"]
[Date "2021.02.01"]
[Round "6.12"]
[White "Du Plessis, Anika"]
[Black "Malehloa, Likhomo"]
[Result "1-0"]
[ECO "C01"]
[WhiteElo "1541"]
[BlackElo "1331"]
[Annotator "NA RC"]
[PlyCount "119"]
[EventDate "2021.02.01"]
[EventType "swiss"]
[EventCountry "NET"]
[SourceTitle "playchess.com"]
[Source "ChessBase"]
[SourceQuality "1"]
[TimeControl "1500+10"]

1. e4 e6 2. d4 d5 3. exd5 exd5 4. Bd3 Nf6 5. Nf3 Be7 6. O-O O-O 7. Bf4 Bg4 8. Nbd2 c6 9. Re1 Nbd7 10. c3 Re8 11. Qc2 Rc8 12. Ne5 Bh5 13. Ndf3 Bg6 14. Nxg6 hxg6 15. Re2 Nh5 16. Bd2 Bd6 17. Rxe8+ Qxe8 18. Re1 Qf8 19. g3 Re8 20. Rxe8 Qxe8 21. c4 dxc4 22. Bxc4 Nb6 23. Bd3 Nf6 24. b4 Nfd5 25. a3 Bb8 26. Ng5 Nf6 27. Qb3 Nfd5 28. a4 Nd7 29. b5 N7f6 30. bxc6 Qxc6 31. Bc4 Qd7 32. Bc1 b6 33. a5 Bc7 34. a6 Bb8 35. Nf3 Qf5 36. Kg2 g5 37. Nxg5 Bd6 38. Bd3 Qc8 39. Bd2 Qc6 40. f3 Kf8 41. Ne4 Bc7 42. Bb5 Qe6 43. Nxf6 Nxf6 44. Bb4+ Kg8 45. Qxe6 fxe6 46. Kf2 Kf7 47. Bc6 Bd8 48. Bd6 Nd5 49. Bb8 Nb4 50. Bb5 Ke7 51. Bxa7 Kd6 52. Bb8+ Kd5 53. a7 Kxd4 54. a8=Q Bf6 55. Bd6 Nd5 56. Qa4+ Kc3 57. Qc4+ Kb2 58. Ba4 Bc3 59. Ba3+ Kxa3 60. Qb3# 1-0

[Event "African Online-ch Women 2021"]
[Site "Online"]
[Date "2021.02.01"]
[Round "6.13"]
[White "Leboela, Maboloko"]
[Black "Vilhete, Vania Fausto Da T."]
[Result "0-1"]
[ECO "A05"]
[WhiteElo "1296"]
[BlackElo "1799"]
[Annotator "NA RC"]
[PlyCount "148"]
[EventDate "2021.02.01"]
[EventType "swiss"]
[EventCountry "NET"]
[SourceTitle "playchess.com"]
[Source "ChessBase"]
[SourceQuality "1"]
[TimeControl "1500+10"]

1. Nf3 Nf6 2. Nc3 e6 3. g3 b6 4. Bg2 Bb7 5. d3 Be7 6. Bd2 c5 7. e4 d6 8. Qe2 Nbd7 9. O-O O-O 10. Nd1 Qc7 11. b3 b5 12. Bc3 a6 13. Bb2 h6 14. Rc1 Nb6 15. Nd2 Qd7 16. f4 Rfc8 17. e5 dxe5 18. fxe5 Nh7 19. Bxb7 Qxb7 20. Qf2 Bg5 21. h4 Bxd2 22. Qxd2 c4 23. dxc4 bxc4 24. Qf4 Nd5 25. Qf3 Rc7 26. Ba3 Rac8 27. Bd6 Rc6 28. b4 Qa7+ 29. Kg2 Qb7 30. c3 Nf8 31. Ne3 Nxe3+ 32. Qxe3 Rxd6+ 33. Qf3 Rd2+ 34. Kh3 Qxf3 35. Rxf3 Rxa2 36. Rcf1 Rc7 37. Kg4 Ng6 38. Re3 Rd2 39. h5 Ne7 40. Ra1 Rc6 41. Rc1 Nf5 42. Rf3 Rd3 43. Kf4 Rxf3+ 44. Kxf3 Kf8 45. g4 Ne7 46. Rd1 Nd5 47. Rc1 Ke7 48. Ke4 f6 49. exf6+ gxf6 50. Kd4 Kd6 51. Rc2 e5+ 52. Ke4 Ke6 53. Rc1 Rd6 54. Rc2 Nf4 55. Ra2 Nd3 56. Ra5 Nf2+ 57. Kf3 Nd1 58. Rc5 Nxc3 59. Rxc4 Nd5 60. Ke4 Rb6 61. Rc8 Rxb4+ 62. Kf3 Rf4+ 63. Kg3 Kf7 64. Rd8 Ne7 65. Rd6 a5 66. Ra6 a4 67. g5 fxg5 68. Rxh6 Kg7 69. Ra6 Nf5+ 70. Kg2 Rb4 71. Ra7+ Kh6 72. Rf7 Nh4+ 73. Kg3 Kxh5 74. Ra7 Rb3+ 0-1

[Event "African Online-ch Women 2021"]
[Site "Online"]
[Date "2021.02.01"]
[Round "6.14"]
[White "Castro, Neusa Aridas De"]
[Black "Karania, Saloni"]
[Result "1-0"]
[ECO "B00"]
[WhiteElo "1512"]
[BlackElo "1304"]
[Annotator "NA RC"]
[PlyCount "121"]
[EventDate "2021.02.01"]
[EventType "swiss"]
[EventCountry "NET"]
[SourceTitle "playchess.com"]
[Source "ChessBase"]
[SourceQuality "1"]
[TimeControl "1500+10"]

1. e4 b6 2. Nf3 Bb7 3. Nc3 e6 4. Bc4 Nf6 5. d3 h6 6. a3 c5 7. Bf4 d5 8. exd5 exd5 9. Qe2+ Be7 10. Bb5+ Bc6 11. Bxc6+ Nxc6 12. O-O O-O 13. Qd2 d4 14. Ne2 Nd5 15. Bg3 Re8 16. Rfe1 Bf6 17. Nf4 Ne5 18. Nxe5 Bxe5 19. Rad1 Qd6 20. Nh5 Bxg3 21. Nxg3 Qc6 22. Re4 Nf6 23. Re2 Rac8 24. Rde1 Red8 25. Qf4 Nd5 26. Qf3 Qf6 27. Qxf6 Nxf6 28. Nf5 Kh7 29. Re7 Kg6 30. Nh4+ Kg5 31. Nf3+ Kg6 32. Ne5+ Kh7 33. Nxf7 Rf8 34. Ne5 a6 35. Nf3 Nd5 36. Rd7 Nf6 37. Rb7 b5 38. Ree7 Rg8 39. Nh4 Rce8 40. Nf5 Rxe7 41. Rxe7 Kg6 42. Ng3 c4 43. dxc4 bxc4 44. Rc7 Re8 45. Kf1 c3 46. bxc3 dxc3 47. Rxc3 Ng4 48. f3 Ne3+ 49. Kg1 Nd1 50. Rc6+ Kh7 51. h4 Re1+ 52. Kh2 Nf2 53. Rxa6 Rc1 54. Rc6 Nd1 55. c4 Ne3 56. Kh3 Rc2 57. Nh5 Rxg2 58. Rc7 Rg1 59. Ng3 Ra1 60. Ne4 Rh1+ 61. Kg3 1-0

[Event "African Online-ch Women 2021"]
[Site "Online"]
[Date "2021.02.01"]
[Round "6.15"]
[White "Ibtihal Mohammed"]
[Black "Jambo, Linda"]
[Result "1-0"]
[ECO "C20"]
[WhiteElo "1491"]
[BlackElo "1478"]
[Annotator "NA RC"]
[PlyCount "123"]
[EventDate "2021.02.01"]
[EventType "swiss"]
[EventCountry "NET"]
[SourceTitle "playchess.com"]
[Source "ChessBase"]
[SourceQuality "1"]
[TimeControl "1500+10"]

1. e4 e5 2. c3 Nf6 3. d3 h6 4. Nf3 Nc6 5. h3 Bc5 6. Be2 O-O 7. O-O Re8 8. Nbd2 d6 9. Nb3 Bb6 10. a4 a6 11. Re1 Be6 12. Nbd2 Ne7 13. b4 Ng6 14. c4 c6 15. Bb2 Nf4 16. Bf1 Nh7 17. Nb3 Ng5 18. d4 Nxf3+ 19. Qxf3 Ng6 20. d5 cxd5 21. exd5 Bc8 22. Bd3 Qg5 23. Bc1 Nh4 24. Bxg5 Nxf3+ 25. gxf3 hxg5 26. Kg2 g6 27. c5 dxc5 28. bxc5 Ba7 29. Rg1 Kg7 30. Kh2 Kf6 31. Rg3 Rh8 32. Rag1 Rh5 33. Be4 Bf5 34. Kg2 Rah8 35. Rh1 Bd7 36. c6 bxc6 37. dxc6 Be6 38. Na5 Bb6 39. Nb7 a5 40. Bd3 Bd5 41. Bb5 Ke6 42. Rc1 Rc8 43. Kf1 f6 44. Ke2 Rh4 45. Nc5+ Kd6 46. Nd7 Bxc6 47. Bxc6 Rxc6 48. Rxc6+ Kxc6 49. Nxf6 Rxa4 50. Rxg5 Ra2+ 51. Kd3 Rxf2 52. Ke4 a4 53. Rxg6 a3 54. Ng4+ Kb5 55. Nxf2 a2 56. Rg1 Bxf2 57. Rd1 Bd4 58. f4 a1=Q 59. Rxa1 Bxa1 60. fxe5 Kc6 61. Kf5 Bxe5 62. Kxe5 1-0

[Event "African Online-ch Women 2021"]
[Site "Online"]
[Date "2021.02.01"]
[Round "7.3"]
[White "Miladi, Amen"]
[Black "Charinda, Kudzanayi"]
[Result "1-0"]
[ECO "B53"]
[WhiteElo "1802"]
[BlackElo "1710"]
[Annotator "NA RC"]
[PlyCount "107"]
[EventDate "2021.02.01"]
[EventType "swiss"]
[EventCountry "NET"]
[SourceTitle "playchess.com"]
[Source "ChessBase"]
[SourceQuality "1"]
[TimeControl "1500+10"]

1. e4 c5 2. Nf3 d6 3. d4 cxd4 4. Qxd4 Nc6 5. Bb5 Bd7 6. Bxc6 Bxc6 7. Nc3 e6 8. Be3 Nf6 9. O-O-O Be7 10. Qd3 Qc7 11. h3 a6 12. Nd4 Rc8 13. f4 d5 14. e5 Ne4 15. Rhf1 Nxc3 16. Qxc3 Bd7 17. Qxc7 Rxc7 18. f5 Bc5 19. fxe6 Bxe6 20. Kb1 Bxd4 21. Rxd4 h6 22. Bd2 Kd7 23. Ba5 Rc6 24. Rd3 Rhc8 25. Rc3 Rxc3 26. Bxc3 Rc4 27. Rd1 Re4 28. Re1 Rf4 29. Kc1 Rf2 30. g4 h5 31. gxh5 Bxh3 32. Rg1 Rg2 33. Rxg2 Bxg2 34. e6+ fxe6 35. Bxg7 Be4 36. Be5 Ke7 37. Kd2 Kd7 38. c3 Kc6 39. Ke3 Kc5 40. Bd4+ Kd6 41. Kf4 Ke7 42. c4 Bd3 43. c5 Be4 44. b4 Bc2 45. h6 Bd3 46. a4 Bh7 47. b5 axb5 48. axb5 Bd3 49. Kg5 Bh7 50. Bf6+ Kd7 51. Be5 Ke7 52. c6 bxc6 53. b6 Kd7 54. b7 1-0

[Event "African Online-ch Women 2021"]
[Site "Online"]
[Date "2021.02.01"]
[Round "7.5"]
[White "Shah, Riya"]
[Black "Caxita, Esperanca"]
[Result "0-1"]
[ECO "D00"]
[WhiteElo "1559"]
[BlackElo "1882"]
[Annotator "NA RC"]
[PlyCount "60"]
[EventDate "2021.02.01"]
[EventType "swiss"]
[EventCountry "NET"]
[SourceTitle "playchess.com"]
[Source "ChessBase"]
[SourceQuality "1"]
[TimeControl "1500+10"]

1. d4 d5 2. e3 Nf6 3. f4 Bg4 4. Nf3 e6 5. Bd3 c5 6. c3 Nc6 7. O-O {[%emt 0:00:04] 7.0-0 scores better than 7.Nbd2.} cxd4 8. cxd4 Bd6 {[%emt 0:00:03] [#]} 9. Qe1 $146 ({Predecessor:} 9. Nc3 O-O 10. a3 Nd7 11. Qc2 h6 12. Ne5 Ncxe5 13. fxe5 Be7 14. h3 Bh5 15. Bd2 {½-½ (31) Alvarado M,J-Alba,J Guatemala 1992}) 9... a6 10. Ne5 Bh5 11. Qg3 Nb4 $1 12. Nc3 Bg6 13. Bb1 Bxe5 14. fxe5 Ne4 15. Nxe4 dxe4 16. Qg4 Qd5 17. Bd2 Nd3 18. Bc3 O-O 19. Bc2 Rac8 20. a3 $19 ({Better is} 20. Bb3 $15 Qd8 21. Rab1) 20... Nxb2 21. Bxb2 Rxc2 22. Rab1 Rfc8 23. Qd1 Qb3 24. Ba1 Qxe3+ 25. Kh1 Qg5 26. Rg1 e3 27. Rxb7 Be4 28. Qf1 Bxb7 29. a4 e2 30. Qf2 e1=Q 0-1

[Event "African Online-ch Women 2021"]
[Site "Online"]
[Date "2021.02.01"]
[Round "7.7"]
[White "Madelta Glenda"]
[Black "Rodriguez Guevara, Celia M."]
[Result "1/2-1/2"]
[ECO "D00"]
[WhiteElo "1420"]
[BlackElo "1849"]
[Annotator "NA RC"]
[PlyCount "144"]
[EventDate "2021.02.01"]
[EventType "swiss"]
[EventCountry "NET"]
[SourceTitle "playchess.com"]
[Source "ChessBase"]
[SourceQuality "1"]
[TimeControl "1500+10"]

1. d4 d5 2. Nc3 Nf6 3. Bf4 a6 4. e3 e6 5. Bd3 b5 6. a3 Bb7 7. Nf3 Nbd7 8. h3 Ne4 9. O-O Be7 10. Ne5 Nxe5 11. Bxe5 f6 12. Bh2 Nxc3 13. bxc3 O-O 14. a4 c6 15. Qe2 Bd6 16. f4 c5 17. dxc5 Bxc5 18. axb5 axb5 19. Rxa8 Bxa8 20. Bxb5 Qb6 21. Re1 Bxe3+ 22. Kh1 e5 23. fxe5 fxe5 24. Bxe5 Bc5 25. Bg3 Qg6 26. Qd3 Qb6 27. Rf1 Rxf1+ 28. Qxf1 Qa7 29. Qe1 Qf7 30. Bd3 g6 31. Be5 Bc6 32. Qg3 Bb7 33. Qh4 Be7 34. Qe1 Bd8 35. Bd4 Bc7 36. Qh4 Bc6 37. Qe1 Bd7 38. Qe3 Bc6 39. Be2 Bb8 40. Bg4 Qf1+ 41. Qg1 Qxg1+ 42. Kxg1 Bg3 43. Kf1 Bb5+ 44. Be2 Bc4 45. Bxc4 dxc4 46. Ke2 h6 47. Ke3 Kf7 48. Ke4 Ke6 49. Bg7 h5 50. Bh6 Be5 51. Bf4 Bxc3 52. g3 Bf6 53. h4 Bc3 54. Be3 Be5 55. Bf4 Bf6 56. Be3 Be5 57. Bf4 Bc3 58. Bg5 Bb2 59. Bf4 Bf6 $11 60. Be3 Kd6 61. Bd4 Be7 62. Be5+ Kc5 63. Bc3 Kd6 64. Kd4 Ke6 65. Kxc4 Kf5 66. Kd5 Kg4 67. Be5 g5 68. hxg5 Kxg5 69. c4 Kg4 70. c5 Bxc5 71. Kxc5 h4 72. gxh4 Kxh4 1/2-1/2

[Event "African Online-ch Women 2021"]
[Site "Online"]
[Date "2021.02.01"]
[Round "7.8"]
[White "Vilhete, Vania Fausto Da T."]
[Black "Ndirangu, Joyce Nyaruai"]
[Result "0-1"]
[ECO "E14"]
[WhiteElo "1799"]
[BlackElo "1659"]
[Annotator "NA RC"]
[PlyCount "162"]
[EventDate "2021.02.01"]
[EventType "swiss"]
[EventCountry "NET"]
[SourceTitle "playchess.com"]
[Source "ChessBase"]
[SourceQuality "1"]
[TimeControl "1500+10"]

1. d4 Nf6 2. c4 e6 3. Nf3 b6 4. e3 Bb7 5. Bd3 c5 6. O-O Nc6 7. Nc3 cxd4 8. exd4 d5 9. b3 Be7 10. Bb2 O-O 11. Rc1 dxc4 12. Bxc4 Nb4 13. Ne5 a6 14. Ng4 b5 15. Be2 Nxg4 16. Bxg4 Bf6 17. a3 Nc6 18. Ne2 Qd6 19. Bf3 Rfd8 20. Qc2 Rac8 21. Bxc6 Rxc6 22. Qd3 e5 23. Ng3 Rxc1 24. Rxc1 exd4 25. Rd1 Qd5 26. f3 h6 27. Nf5 Qc5 28. b4 Qb6 29. Kh1 Qe6 30. Nxd4 Qa2 31. Ba1 Qf2 32. Qd2 Qh4 33. Qe3 Qh5 34. Re1 Bd5 35. Nb3 Bg5 36. Qe5 Qg6 37. Nc5 Bf6 38. Qc7 Bc4 39. Bxf6 Qxf6 40. h3 Rd2 41. Ne4 Qd8 42. Qxd8+ Rxd8 43. Nc5 Ra8 44. Nd7 Ra7 45. Re8+ Kh7 46. Nf8+ Kh8 47. Nd7+ Kh7 48. Nb6 Be6 49. Rd8 a5 50. Ra8 Rxa8 51. Nxa8 axb4 52. axb4 Kg6 53. Kg1 Kf5 54. Nc7 Bc4 55. Kf2 Ke5 56. Ne8 g5 57. g3 Kd4 58. Nd6 Kc3 59. Nf5 h5 60. Ke3 Kxb4 61. Kd4 Be6 62. Nd6 Ka4 63. Kc3 b4+ 64. Kb2 b3 65. h4 gxh4 66. gxh4 Kb4 67. Ne4 Kc4 68. Nd2+ Kb4 69. Ne4 Bd5 70. Ng5 Kc4 71. f4 Kd4 72. Nh3 Ke3 73. f5 Kf3 74. Ng5+ Kg4 75. Nh7 Kxf5 76. Ng5 Kg4 77. Nh7 Kxh4 78. Nf6 Be6 79. Ne4 Kg4 80. Nf2+ Kf3 81. Nd3 h4 0-1

[Event "African Online-ch Women 2021"]
[Site "Online"]
[Date "2021.02.01"]
[Round "7.9"]
[White "Wanjiru, Lucy"]
[Black "Du Plessis, Anika"]
[Result "1-0"]
[ECO "B22"]
[WhiteElo "1623"]
[BlackElo "1541"]
[Annotator "NA RC"]
[PlyCount "119"]
[EventDate "2021.02.01"]
[EventType "swiss"]
[EventCountry "NET"]
[SourceTitle "playchess.com"]
[Source "ChessBase"]
[SourceQuality "1"]
[TimeControl "1500+10"]

1. e4 c5 2. c3 d6 3. d4 cxd4 4. cxd4 g6 5. Nf3 Bg7 6. Nc3 Nf6 7. Be2 O-O 8. O-O Nc6 9. a3 Bg4 10. h3 Bxf3 11. Bxf3 e5 12. d5 Nd4 13. Be3 Nxf3+ 14. Qxf3 Nd7 15. Qe2 a6 16. Rac1 Rc8 17. Qd2 Nc5 18. Qd1 f5 19. f3 fxe4 20. Bxc5 Rxc5 21. Nxe4 Rxc1 22. Qxc1 Rf4 23. Qc2 Bh6 24. g3 Rf7 25. Kg2 Be3 26. Qd3 Bd4 27. b3 Kg7 28. Rc1 h6 29. Rc2 Rc7 30. a4 Qc8 31. Rc4 b5 32. axb5 axb5 33. Nxd6 Qd7 34. Nxb5 Rxc4 35. bxc4 Bc5 36. Qe2 Kf6 37. Nc3 Bd4 38. Ne4+ Ke7 39. f4 Qa7 40. fxe5 Bxe5 41. Ng5 Kf6 42. Nf3 Bc3 43. Qe6+ Kg7 44. Nh4 Qa2+ 45. Kf3 Qb1 46. Qe2 g5 47. Ng2 Qf5+ 48. Ke3 Qxh3 49. Qf3 Be5 50. Ke4 Qxg3 51. Qxg3 Bxg3 52. Kf5 Kf7 53. c5 Bf2 54. c6 Ke7 55. Kg6 Kd6 56. Kxh6 g4 57. Kh5 g3 58. Kg4 Be1 59. Kf3 Kc7 60. Nxe1 1-0